 Dungeon Crawl Stone Soup version 0.26-a0-651-gb41185065b (webtiles) character file.

Game seed: 17653733559168022991

23 Irenicus the Digger (level 2, 22/22 HPs)
             Began as a Deep Dwarf Earth Elementalist on Oct 20, 2020.
             Quit the game on level 1 of the Dungeon.
             The game lasted 00:01:47 (279 turns).

Irenicus the Digger (Deep Dwarf Earth Elementalist)  Turns: 279, Time: 00:01:48

Health: 22/22      AC:  2    Str: 11    XL:     2   Next: 72%
Magic:  2/3        EV: 12    Int: 15    God:
Gold:   26         SH:  0    Dex: 13    Spells: 3/4 levels left

rFire    + . .     SeeInvis .   a - +0 club
rCold    + . .     Faith    .   (no shield)
rNeg     . . .     Spirit   .   c - +0 robe
rPois    +         Reflect  .   (no helmet)
rElec    +         Harm     .   (no cloak)
rCorr    +         Rampage  .   (no gloves)
MR       .....                  (no boots)
Stlth    ++........             (no amulet)
HPRegen  0.00/turn              (no ring)
MPRegen  0.08/turn              (no ring)

@: resistant, non-regenerating
A: damage resistance, heal wounds, sense surroundings 1, no regeneration
a: Heal Wounds


You were on level 1 of the Dungeon.
You visited 1 branch of the dungeon, and saw 1 of its levels.

You collected 26 gold pieces.

Inventory:

Hand Weapons
 a - a +0 club (weapon)
   (You took it off a goblin on level 1 of the Dungeon)
Missiles
 b - 12 stones (quivered)
Armour
 c - a +0 robe (worn)
Scrolls
 d - a scroll of amnesia {unknown}
 e - a scroll of magic mapping {unknown}
 f - 2 scrolls of blinking {unknown}


   Skills:
 - Level 2.1 Dodging
 - Level 2.4 Stealth
 - Level 1.7 Spellcasting
   Level 0.8 Transmutations
 + Level 5.4 Earth Magic


You had 3 spell levels left.
You knew the following spells:

 Your Spells              Type           Power        Failure   Level
a - Sandblast             Erth           ###...       2%          1

Your spell library contained the following spells:

 Spells                   Type           Power        Failure   Level
 Passwall                 Tmut/Erth      ##......     10%         2
 Stone Arrow              Conj/Erth      #.....       22%         3
 Petrify                  Tmut/Erth      ##......     52%         4
 Lee's Rapid Deconstruct  Erth           ###.......   56%         5


Dungeon Overview and Level Annotations

Branches:
Dungeon (1/15)

Altars:


Innate Abilities, Weirdness & Mutations

You are resistant to damage.
You can heal yourself by infusing magical energy.
You passively map a small area around you.
You do not regenerate.


Message History

The hobgoblin hits you with a +0 club.
You take 2 damage, and have 16/22 hp.
You hit the hobgoblin but do no damage.
The hobgoblin is heavily wounded.
The bat barely misses you. The hobgoblin hits you with a +0 club.
The bat misses you.
You take 1 damage, and have 15/22 hp.
You hit the hobgoblin.
You kill the hobgoblin!
The bat closely misses you. The bat misses you. The bat hits you.
Things that are here:
a +0 club; a hobgoblin corpse The bat misses you.
The bat hits you but does no damage. The bat barely misses you.
The bat misses you. The bat barely misses you.
Casting: Sandblast (safe; 2% risk of failure)
Confirm with . or Enter, or press ? or * to list all spells.
Aiming: Sandblast (safe; 2% risk of failure)
Press: ? - help, Shift-Dir - straight line, f - bat
Aim: a bat The blast of sand hits the bat.
You kill the bat!
b - 17 stones You now have 0/4 mp.
You open the door.
There is an open door here.
There is an open door here.
You now have 16 gold pieces (gained 6).
There is an open door here.
Magic restored.
A hobgoblin comes into view.
MP restored: 4 You see here 19 arrows.
Casting: Sandblast (safe; 2% risk of failure)
Confirm with . or Enter, or press ? or * to list all spells.
Aiming: Sandblast (safe; 2% risk of failure)
Press: ? - help, Shift-Dir - straight line, f - hobgoblin
Aim: a hobgoblin (asleep)
The blast of sand hits the hobgoblin!
You kill the hobgoblin!
b - 16 stones You now have 3/4 mp.
You see here a hobgoblin corpse.
A rat comes into view.
Autopickup is now off.
You see here a fuming black potion.
It was a potion of resistance.
You feel protected.
MP restored: 4
Casting: Sandblast (safe; 2% risk of failure)
Confirm with . or Enter, or press ? or * to list all spells.
Aiming: Sandblast (safe; 2% risk of failure)
Press: ? - help, Shift-Dir - straight line, f - rat
Aim: a rat (asleep)
The blast of sand hits the rat!
You kill the rat!
b - 15 stones You now have 3/4 mp.
Found a stone staircase leading down.
A goblin comes into view. It is wielding a +0 club.
MP restored: 4 A giant cockroach comes into view.
Casting: Sandblast (safe; 2% risk of failure)
Confirm with . or Enter, or press ? or * to list all spells.
Aiming: Sandblast (safe; 2% risk of failure)
Press: ? - help, Shift-Dir - straight line, f - goblin
Aim: a goblin, wielding a +0 club (asleep)
The blast of sand hits the goblin!
You kill the goblin!
b - 14 stones You now have 3/4 mp.
Casting: Sandblast (safe; 2% risk of failure)
Confirm with . or Enter, or press ? or * to list all spells.
Aiming: Sandblast (safe; 2% risk of failure)
Press: ? - help, Shift-Dir - straight line, f - giant cockroach
Aim: a giant cockroach (asleep)
The blast of sand hits the giant cockroach.
The giant cockroach is almost dead.
b - 13 stones You now have 2/4 mp.
Casting: Sandblast (safe; 2% risk of failure)
Confirm with . or Enter, or press ? or * to list all spells.
Aiming: Sandblast (safe; 2% risk of failure)
Press: ? - help, Shift-Dir - straight line, f/p - giant cockroach
Aim: a giant cockroach (almost dead)
The blast of sand hits the giant cockroach.
You kill the giant cockroach!
b - 12 stones You now have 1/4 mp.
You see here a giant cockroach corpse.
You see here 10 gold pieces.
You now have 26 gold pieces (gained 10).
You see here a giant cockroach corpse.
You fail to use your ability.
Your magical essence is drained by the effort!
You feel much better.
Health restored: 22 Are you sure you want to abandon this character and quit the game? (Confirm with "yes".)

###### ### #....# #.#
#######+##.# #.# ,
...........###.# ,
....).....@†...#
,..........######
..........# #####
,,......>...# #...# ##
,,..........######.#.#
.# ,
.......(.........#.#
.# *
##########.......#.#
... , , ....)##....#.#
#### *
*#########.#.##.#


There were no monsters in sight!

Vanquished Creatures
  A dart slug (D:1)
  2 giant cockroaches (D:1)
  4 goblins (D:1)
  5 hobgoblins (D:1)
  A kobold (D:1)
  3 bats (D:1)
  2 rats (D:1)
18 creatures vanquished.

Notes
Turn   | Place    | Note
-------+----------+-------------------------------------------
     0 | D:1      | Irenicus the Deep Dwarf Earth Elementalist began the quest
                  | for the Orb.
     0 | D:1      | Reached XP level 1. HP: 15/15 MP: 3/3
   128 | D:1      | HP: 3/15 [hobgoblin/+0 club (7)]
   129 | D:1      | Reached XP level 2. HP: 2/22 MP: 4/4
   148 | D:1      | Reached skill level 5 in Earth Magic
   279 | D:1      | Quit the game

Illustrated notes

Levels and vault maps discovered:
D:1:      saegor_arrival_simple_d, layout_basic, minmay_heptomino_h4

Skill      XL: |  1  2 |
---------------+-------+-----
Earth Magic    | 5 |  5.4
Dodging        | |  2.1
Stealth        | |  2.4
Spellcasting   | |  1.7
Transmutations | |  0.8

Action                   || total
-------------------------++-------
Melee: Unarmed           ||    12
       Club              ||    30
 Cast: Sandblast         ||    21
 Abil: Heal Wounds       ||     2
  Use: Potion            ||     2
       Scroll            ||     1
Armor: Robe              ||    19
Dodge: Dodged            ||    87

Table legend: (Time is in decaauts)
 A = Elapsed time spent in this place.
 B = Non-inter-level travel time spent in this place.
 C = Inter-level travel time spent in this place.
 D = Time resting spent in this place.
 E = Time spent auto-exploring this place.
 F = Levels seen in this place.
 G = Mean time per level.
                   A        B        C        D        E       F      G
               +--------+--------+--------+--------+--------+-----+--------+
         Total |    287 |    287 |      0 |      0 |     23 |   1 |  287.0 |
       Dungeon |    287 |    287 |      0 |      0 |     23 |   1 |  287.0 |
               +--------+--------+--------+--------+--------+-----+--------+

Top non-repeatable levels by time:
     D:1: 287 daAuts

Table legend:
 A = Kills in this place as a percentage of kills in entire the game.
 B = Kills by you in this place as a percentage of kills by you in the entire game.
 C = Kills by friends in this place as a percentage of kills by friends in the entire game.
 D = Other kills in this place as a percentage of other kills in the entire game.
 E = Experience gained in this place as a percentage of experience gained in the entire game.
 F = Experience gained in this place divided by the number of levels of this place that you have seen.
                   A       B       C       D       E      F
               +-------+-------+-------+-------+-------+----------------------
         Total | 100.0 | 100.0 |   N/A |   N/A | 100.0 |  33.0
       Dungeon | 100.0 | 100.0 |   N/A |   N/A | 100.0 |  33.0
               +-------+-------+-------+-------+-------+----------------------
